 Dungeon Crawl Stone Soup version 0.30-a0-737-gf23d94013f (webtiles) character file.

Game seed: 5275476308600036136

30 NinjaNoafa the Sneak (level 3, 0/17 HPs)
             Began as a Felid Berserker on Feb 1, 2023.
             Was a Follower of Trog.
             Slain by a goblin
             ... wielding a +0 club
             ... led by Robin
              (4 damage)
             ... on level 2 of the Dungeon.
             The game lasted 00:03:16 (1148 turns).

NinjaNoafa the Sneak (Felid Berserker)              Turns: 1148, Time: 00:03:17

Health: 0/17       AC:  1    Str: 13    XL:     3   Next: 5%
Magic:  4/4        EV: 18    Int:  8    God:    Trog [*.....]
Gold:   64         SH:  0    Dex: 17    Spells: 2/2 levels left
                                        Lives:  0   Deaths: 0

rFire   . . .      SeeInvis +      - Unarmed
rCold   . . .      Faith    .    (shield unavailable)
rNeg    . . .      Spirit   .    (body armour unavailable)
rPois   .          Reflect  .    (helmet unavailable)
rElec   .          Harm     .    (cloak unavailable)
rCorr   .          Rampage  .    (gloves unavailable)
Will    ++...                    (boots unavailable)
Stlth   +++                      (no amulet)
HPRegen 1.22/turn                (no ring)
MPRegen 0.09/turn                (no ring)

@: strong-willed, regenerating, quick
A: very small, claws 1, fangs 3, see invisible, speed 1, shaggy fur 1, stealthy
paws, no weapons or thrown items, no armour, multi-lived
a: Renounce Religion, Berserk


You were on level 2 of the Dungeon.
You worshipped Trog.
Trog was aware of your devotion.
You visited 1 branch of the dungeon, and saw 2 of its levels.

You collected 100 gold pieces.
You spent 36 gold pieces at shops.

Inventory:

Scrolls
 a - a scroll of fog
 d - a scroll of poison
 g - a scroll of teleportation
Potions
 c - a potion of heal wounds


   Skills:
 - Level 3.0 Fighting
 - Level 4.0 Dodging
 + Level 4.1 Stealth
 - Level 3.0 Unarmed Combat


You had 2 spell levels left.
You didn't know any spells.
Your spell library was empty.

Dungeon Overview and Level Annotations

Branches:
Dungeon (2/15)

Altars:

Shops:
D:2 *

Annotations:
D:2 1 runed translucent door, Crazy Yiuf, Robin


Innate Abilities, Weirdness & Mutations

You have sharp claws.
You have razor-sharp teeth.
You have supernaturally acute eyesight. (SInv)
You cover ground quickly. (Speed+)
You are covered in fur. (AC +1)
Your paws help you pounce on unaware monsters.
You are incapable of wielding weapons or throwing items.
You cannot wear armour.
You gain extra lives every three experience levels.


Message History

You scratch the goblin but do no damage.
The goblin hits you but does no damage.
You scratch the goblin. You bite the goblin.
You kill the goblin!
Trog accepts your kill.
You have reached level 3!
Your experience leads to an increase in your attributes!
Increase (S)trength, (I)ntelligence, or (D)exterity?
You feel agile. x2
You completely miss the goblin. Robin throws the goblin at you!
The goblin hits you with a +0 club. The goblin hits you with a +0 dagger.
* * * LOW HITPOINT WARNING * * *
You barely miss the goblin. You scratch the goblin.
You kill the goblin!
Trog accepts your kill.
You can now call upon Trog for regeneration and willpower.
The goblin misses you.
You closely miss the goblin.
A goblin comes into view. It is wielding a +0 dagger.
The goblin completely misses you.
You fail to use your ability.
Robin closely misses you. The goblin misses you.
A goblin comes into view. It is wielding a +0 club.
The goblin shouts!
You scratch the goblin.
The goblin is severely wounded.
Robin barely misses you. The goblin closely misses you.
You scratch the goblin but do no damage.
The goblin is severely wounded.
Robin roars a battlecry!
The goblin goes into a battle-frenzy!
The goblin hits you with a +0 club.
* * * LOW HITPOINT WARNING * * *
Your skin crawls.
You feel strong-willed.
You can no longer call upon Trog for regeneration and willpower.
Robin hits you with a +0 dagger.
* * * LOW HITPOINT WARNING * * *
The goblin hits you with a +0 club.
You die...

##g###.#
#...#.#####.#####
#g# #....##.#.#
#...# ..#
####>.....# #.###
.g. ######## #.#
.#g #.# .gg. #.# #
#.#
....############.#
#.#gggg@g........#
....#.############
# .. ... ... ##


You could see Robin, a hobgoblin (strong) and 3 goblins.

Vanquished Creatures
  A worm (D:2)
  A ball python (D:1)
  2 endoplasms
  2 giant cockroaches
  7 goblins (D:2)
  3 hobgoblins (D:2)
  3 kobolds
  A quokka (D:1)
  2 frilled lizards
22 creatures vanquished.

Vanquished Creatures (others)
  A fungus (D:2)
  3 plants (D:2)
4 creatures vanquished.

Grand Total: 26 creatures vanquished

Notes
Turn   | Place    | Note
-------+----------+-------------------------------------------
     0 | D:1      | NinjaNoafa the Felid Berserker began the quest for the Orb.
     0 | D:1      | Reached XP level 1. HP: 10/10 MP: 2/2
   194 | D:1      | Reached skill level 1 in Stealth
   836 | D:2      | Reached XP level 2. HP: 14/14 MP: 3/3
   910 | D:2      | Found Xihonex's General Store.
   932 | D:2      | Bought a scroll of teleportation for 36 gold pieces
   966 | D:2      | Found a faded altar of an unknown god.
  1106 | D:2      | Found a runed translucent door.
  1107 | D:2      | Noticed Crazy Yiuf
  1137 | D:2      | Noticed Robin
  1141 | D:2      | Reached XP level 3. HP: 17/17 MP: 4/4
  1143 | D:2      | Reached ** piety under Trog
  1148 | D:2      | Slain by a goblin

Illustrated notes

Levels and vault maps discovered:
D:1:      arrival_zaba_pyramid, layout_basic, kennysheep_doodads
D:2:      layout_basic, serial_glass, glass_columns_b, glass_columns_c,
          serial_shops, nicolae_shop_hallway_plus,
          shapermc_ecumenical_altar_mp_urbaneastern,
          minmay_randomly_rotated_circles, uniq_robin, uniq_crazy_yiuf_cottage

Skill      XL: |  1  2 |
---------------+-------+-----
Stealth        | 2 4 |  4.1
Fighting       | |  3.0
Dodging        | |  4.0
Unarmed Combat | |  3.0

Action                     || total
---------------------------++-------
  Melee: Unarmed           ||    51
         Bite              ||     3
         Punch             ||     1
 Invoke: Trog's Hand       ||     1
    Use: Scroll            ||     5
   Stab: Sleeping          ||     4
 Armour: Skin              ||     3
  Dodge: Dodged            ||    36

Table legend: (Time is in decaauts)
 A = Elapsed time spent in this place.
 B = Non-inter-level travel time spent in this place.
 C = Inter-level travel time spent in this place.
 D = Time resting spent in this place.
 E = Time spent auto-exploring this place.
 F = Levels seen in this place.
 G = Mean time per level.
                   A        B        C        D        E       F      G
               +--------+--------+--------+--------+--------+-----+--------+
         Total |    942 |    930 |     12 |      0 |    775 |   2 |  471.0 |
       Dungeon |    942 |    930 |     12 |      0 |    775 |   2 |  471.0 |
               +--------+--------+--------+--------+--------+-----+--------+

Top non-repeatable levels by time:
     D:1: 657 daAuts
     D:2: 284 daAuts
